 Dungeon Sprint DCSS version 0.30-a0-51-g784eafce7f (webtiles) character file.

Game seed: 13098977858947367682

2086 Ankalagon the Basher (level 9, -2/130 HPs)
             Began as a Naga Fighter on Sept 5, 2022.
             Was an Initiate of Gozag.
             Succumbed to a death drake's foul vapour
             ... in the Dungeon (Sprint II: "The Violet Keep of Menkaure").
             The game lasted 00:08:40 (1873 turns).

Ankalagon the Basher (Naga Fighter)                 Turns: 1873, Time: 00:08:41

Health: -2/130     AC: 13    Str: 25    XL:     9   Next: 27%
Magic:  14/14      EV: 10    Int:  8    God:    Gozag
Gold:   127        SH: 15    Dex: 15    Spells: 8/8 levels left

rFire   . . .      SeeInvis +    a - +0 flail
rCold   + . .      Faith    .    c - +0 buckler
rNeg    . . .      Spirit   .    k - +2 scale mail {rC+}
rPois   +          Reflect  +    (no helmet)
rElec   .          Harm     .    (no cloak)
rCorr   .          Rampage  .    b - +0 pair of gloves
Will    +....      Rage     3%   (no barding)
Stlth   .......... NoTele   +    l - amulet of reflection
HPRegen 0.31/turn                y - +4 ring of protection
MPRegen 0.14/turn                x - +6 ring of strength

@: berserking, lethally poisoned (-2 -> -17), gold aura, hasted and slowed, very
slow
A: AC +3, large, see invisible, deformed body, poison resistance, slowness 2,
spit poison 1, naga tail 1, large bone plates 1, berserk 1
a: Spit Poison, Renounce Religion, Potion Petition, Call Merchant, Bribe Branch


You were in the Dungeon.
You worshipped Gozag.
Gozag was aware of your devotion.
You visited 1 branch You collected 1396 gold pieces.
You spent 939 gold pieces at shops.
You paid 330 gold pieces to Gozag.

Inventory:

Hand Weapons
 a - a +0 flail (weapon)
 d - a +0 vorpal arbalest
Missiles
 q - 4 boomerangs
Armour
 b - a +0 pair of gloves (worn)
 c - a +0 buckler (worn)
 k - a +2 scale mail of cold resistance (worn)
Jewellery
 l - an amulet of reflection (around neck)
 n - a ring of protection from cold
 x - a +6 ring of strength (right hand)
 y - a +4 ring of protection (left hand)
 C - a ring of protection from cold
Scrolls
 g - 2 scrolls of amnesia
 j - 2 scrolls of blinking
 p - a scroll of enchant armour {unknown}
 r - 3 scrolls of identify
 s - 2 scrolls of vulnerability {unknown}
 v - a scroll of fear {unknown}
 w - a scroll of silence {unknown}
 B - a scroll of immolation {unknown}
Potions
 e - 4 potions of curing
 h - 5 potions of magic
 i - a potion of berserk rage
 m - 2 potions of mutation
 o - a potion of brilliance {unknown}
 t - 4 potions of flight
 u - a potion of lignification {unknown}
 z - a potion of haste
 A - a potion of ambrosia {unknown}
 D - 3 potions of resistance {unknown}


   Skills:
 + Level 7.7 Fighting
 - Level 14.0 Maces & Flails
 - Level 2.4 Armour
 + Level 5.7 Dodging
 - Level 9.0 Shields
 - Level 7.5 Invocations


You had 8 spell levels left.
You didn't know any spells.
Your spell library contained the following spells:

 Spells                   Type           Power      Damage    Failure   Level
 Chain Lightning          Conj/Air       0%         N/A       100%        9
 Fire Storm               Conj/Fire      0%         5d1       100%        9
 Shatter                  Erth           0%         3d5*      100%        9


Dungeon Overview and Level Annotations

Branches:
Dungeon (1/1)

Altars:
Cheibriados
Dithmenos
Elyvilon
Fedhas
Gozag
Hepliaklqana
Kikubaaqudgha
Makhleb
Nemelex Xobeh
Okawaru
Qazlal
Ru
Sif Muna
Trog
Uskayaw
Vehumet
Wu Jian
Xom
Yredelemnul
Zin
The Shining One
Jiyva
Lugonu

Shops:
D :!:===??[(*?![?

Annotations:
D exclusion: oklob plant


Innate Abilities, Weirdness & Mutations

Your serpentine skin is tough. (AC +3)
You have supernaturally acute eyesight. (SInv)
Armour fits poorly on your strangely shaped body.
Your system is resistant to poisons. (rPois)
You cover ground very slowly.
You can spit poison.
You have a snake-like lower body.
You are partially covered in large bone plates. (SH +4)
You sometimes lose your temper in combat.


Message History

You feel sick. The death drake breathes miasma at you.
The foul vapour engulfs you.
Okay, then.
Unknown command.
Press: ? - help, v - describe, . - travel, g - get item Item here: 99 gold pieces.
The floor, spattered with blood.
There is a cloud of foul pestilence here.
Unknown command.
You hit the death drake but do no damage.
The death drake is heavily wounded.
You are engulfed in dark miasma.
You feel as though you will be slow longer.
* * * LOW HITPOINT WARNING * * *
You feel sick. The death drake barely misses you.
A red film seems to cover your vision as you go berserk!
You feel yourself moving faster!
You feel mighty!
You bludgeon the death drake!!
The death drake is almost dead.
You are engulfed in dark miasma.
* * * LOW HITPOINT WARNING * * *
The death drake breathes miasma at you. The foul vapour engulfs you!
You are more poisoned.
* * * LOW HITPOINT WARNING * * *
You hit the death drake.
The death drake is almost dead.
* * * LOW HITPOINT WARNING * * *
You feel very sick. You block the death drake's attack.
You miss the death drake.
The death drake is almost dead.
* * * LOW HITPOINT WARNING * * *
You feel very sick. You block the death drake's attack.
You sock the death drake!
You kill the death drake!
You die...
Your body crumbles into a pile of gold.

#.°.▓≈≈≈≈§§§≈▓▓ #:|▓▓▓▓▓▓▓▓▓▓▓ ..
.. k#)[▓....[...▓▓ +# .. $ #.
.#|)▓...)....▓▓ .###.####
$+.##.#|[▓.......)▓▓$$ #..# ...#
..k####▓.()..[.[▓▓$ #.### ..##
#.k##.#▓)....)..▓▓ '###.##..#
$+^.#..#▓..(.....▓▓ .###..#..#
#..#@$#▓.)..(...▓▓
<.'##.'..####..##$#▓[....).)▓▓
.##.#.#....###...##▓▓▓▓▓▓▓'▓▓▓▓+▓
'###.##...§..~~~~~~~~~~~~~...≈≈≈▓
#.####~~§§§..~#'########'###.≈X≈▓
#..#~~~~~§~..~#....._._#§§§##≈≈≈▓
..##~~~~§~~~.~#...._._.#§~≈§####▓
+##~~~§≈≈~~~~~#..._._._#~~§~≈# $$
~~~§~≈§≈≈~~~#.._._._.#~~~§§§#$


There were no monsters in sight!

Vanquished Creatures
  A death drake (D)
  A yaktaur (D)
  3 polar bears (D)
  A hornet (D)
  Menkaure (D)
  A neqoxec (D)
  4 water moccasins (D)
  4 necrophages (D)
  4 scorpions (D)
  3 worms (D)
  A tentacle (D)
24 creatures vanquished.

Vanquished Creatures (others)
  3 neqoxecs (D)
  A swamp drake (D)
  16 tentacles (D)
20 creatures vanquished.

Grand Total: 44 creatures vanquished

Notes
Turn   | Place    | Note
-------+----------+-------------------------------------------
     0 | D        | Ankalagon the Naga Fighter began the quest for the Orb.
     0 | D        | Reached XP level 1. HP: 21/21 MP: 1/1
     1 | D        | Noticed a neqoxec
     1 | D        | Gained mutation: You sometimes lose your temper in combat.
                  | [a neqoxec]
    25 | D        | Reached skill level 3 in Maces & Flails
    25 | D        | Reached XP level 2. HP: 20/28 MP: 2/2
   106 | D        | Noticed a necrophage
   106 | D        | Noticed a necrophage
   106 | D        | Noticed a necrophage
   106 | D        | Noticed a necrophage
   112 | D        | Killed a necrophage
   113 | D        | Reached skill level 5 in Maces & Flails
   113 | D        | Reached skill level 5 in Shields
   113 | D        | Reached XP level 3. HP: 34/34 MP: 3/3
   113 | D        | Reached XP level 4. HP: 42/42 MP: 4/4
   116 | D        | Killed a necrophage
   117 | D        | Reached skill level 7 in Maces & Flails
   117 | D        | Reached XP level 5. HP: 49/49 MP: 5/5
   126 | D        | Reached skill level 8 in Maces & Flails
   133 | D        | Reached skill level 9 in Maces & Flails
   133 | D        | Reached XP level 6. HP: 36/56 MP: 6/6
   134 | D        | Killed a neqoxec
   160 | D        | Killed a neqoxec
   187 | D        | Killed a neqoxec
   231 | D        | Reached skill level 10 in Maces & Flails
   232 | D        | Reached skill level 11 in Maces & Flails
   232 | D        | Reached XP level 7. HP: 60/62 MP: 7/7
   386 | D        | Found Tygiom's Antique Armour Emporium.
   386 | D        | Found Nukom's Antique Armour Shoppe.
   386 | D        | Found Diyves's Magic Scroll Emporium.
   386 | D        | Found Qycim's Magic Scroll Shoppe.
   386 | D        | Found Diuc Val's General Store.
   386 | D        | Found Joasu's Jewellery Emporium.
   387 | D        | Found Ceseis's Jewellery Shoppe.
   387 | D        | Found Rucanaat's Distillery.
   387 | D        | Found Dewuny's Magic Scroll Shoppe.
   387 | D        | Found Neikuss's Antique Weapon Emporium.
   388 | D        | Found Paklieno's Book Shoppe.
   388 | D        | Found Joyqik's Magic Scroll Shoppe.
   388 | D        | Found Faudwetu's Jewellery Emporium.
   388 | D        | Found Zueb's Distillery.
   388 | D        | Noticed Menkaure
   388 | D        | Noticed a redback
   407 | D        | Killed Menkaure
   408 | D        | Reached skill level 12 in Maces & Flails
   593 | D        | Noticed a redback
   593 | D        | Noticed an oklob plant
   594 | D        | Found Ufreorhu's Book Shoppe.
   596 | D        | Noticed a manticore
   596 | D        | Noticed a manticore
   596 | D        | Noticed a manticore
   598 | D        | Noticed a cane toad
   598 | D        | Noticed a cane toad
   620 | D        | Bought a runed scale mail for 126 gold pieces
   633 | D        | Bought a pair of gloves for 135 gold pieces
   641 | D        | Bought an amulet of reflection for 390 gold pieces
   651 | D        | Bought a potion of heal wounds for 60 gold pieces
   651 | D        | Bought a potion of heal wounds for 60 gold pieces
   651 | D        | Bought a potion of curing for 36 gold pieces
   651 | D        | Bought a potion of curing for 36 gold pieces
   651 | D        | Bought a potion of mutation for 96 gold pieces
   658 | D        | Noticed a neqoxec
   659 | D        | Noticed an orange crystal statue
   659 | D        | Gained mutation: You are partially covered in large bone
                  | plates. (SH +4) [a neqoxec]
   665 | D        | Killed a neqoxec
   666 | D        | Reached skill level 13 in Maces & Flails
   701 | D        | Found a snail-covered altar of Cheibriados.
   702 | D        | Found a shadowy altar of Dithmenos.
   703 | D        | Found a white marble altar of Elyvilon.
   703 | D        | Found an ancient bone altar of Kikubaaqudgha.
   703 | D        | Found a viscous altar of Jiyva.
   704 | D        | Found a blossoming altar of Fedhas.
   704 | D        | Found a corrupted altar of Lugonu.
   704 | D        | Found a shimmering blue altar of Sif Muna.
   705 | D        | Found an opulent altar of Gozag.
   705 | D        | Found a burning altar of Makhleb.
   705 | D        | Found a bloodstained altar of Trog.
   706 | D        | Found a sparkling altar of Nemelex Xobeh.
   706 | D        | Found a hide-covered altar of Uskayaw.
   707 | D        | Found an iron altar of Okawaru.
   707 | D        | Found a radiant altar of Vehumet.
   707 | D        | Found a glowing silver altar of Zin.
   708 | D        | Noticed a yaktaur
   708 | D        | Noticed a hornet
   708 | D        | Noticed a polar bear
   708 | D        | Noticed a polar bear
   723 | D        | Killed a polar bear
   723 | D        | Noticed a polar bear
   724 | D        | Reached skill level 14 in Maces & Flails
   724 | D        | Reached skill level 1 in Dodging
   724 | D        | Reached XP level 8. HP: 52/72 MP: 7/9
   728 | D        | Killed a polar bear
   731 | D        | Paralysed by a hornet for 3 turns
   747 | D        | Killed a hornet
   748 | D        | Reached skill level 5 in Fighting
   752 | D        | Killed a polar bear
   753 | D        | Reached skill level 5 in Invocations
   757 | D        | Killed a yaktaur
   758 | D        | Reached skill level 5 in Dodging
   758 | D        | Reached XP level 9. HP: 60/86 MP: 9/14
   948 | D        | Found a basalt altar of Yredelemnul.
   949 | D        | Found a hazy altar of Hepliaklqana.
   949 | D        | Found a sacrificial altar of Ru.
   949 | D        | Found a shimmering altar of Xom.
   950 | D        | Found a stormy altar of Qazlal.
   950 | D        | Found an ornate altar of the Wu Jian Council.
   950 | D        | Found a glowing golden altar of the Shining One.
   955 | D        | Became a worshipper of Gozag Ym Sagoz the Greedy
  1178 | D        | Noticed a kraken
  1840 | D        | Noticed a death drake
  1871 | D        | HP: 4/130 [poisoned by a death drake (foul vapour)]
  1872 | D        | HP: 1/130 [poisoned by a death drake (foul vapour)]
  1873 | D        | Killed a death drake
  1873 | D        | Succumbed to a death drake's foul vapour

Illustrated notes

Levels and vault maps discovered:
D:        the_violet_keep_of_menkaure [sprint2_stairs_cluster_1,
          sprint2_shoproom, sprint2_temple, sprint2_basic_supplies,
          sprint2_obstacle_4, sprint2_obstacle_6, sprint2_obstacle_3,
          sprint2_obstacle_7, sprint2_obstacle_2, sprint2_timed_cluster_1,
          sprint2_smallroom_cluster_1, sprint2_smallroom_final_cluster_1,
          sprint2_transparent_cluster_1, sprint2_second_timed_cluster_1,
          sprint2_sniper_area_1, sprint2_heavy_combat_area_1,
          sprint2_mutation_trap_area_1, sprint2_forest_area_1,
          sprint2_light_combat_area_1, sprint2_behind_water_1,
          sprint2_near_end_vault_1]

Skill      XL: |  1  2  3  4  5  6  7  8  9 |
---------------+----------------------------+-----
Shields        | 3 5 6 8 9 |  9.0
Maces & Flails | 3 5 7 9 11 14 | 14.0
Dodging        | 1 5 |  5.7
Invocations    | 2 6 7 |  7.5
Fighting       | 7 |  7.7
Armour         | |  2.4

Action                   |  1- 3 |  4- 6 |  7- 9 || total
-------------------------+-------+-------+-------++-------
Melee: Flail             |    17 |    29 |   144 ||   190
Invok: Potion Petition   |       |       |     1 ||     1
 Abil: Spit Poison       |     2 |     1 |     2 ||     5
  Use: Potion            |       |       |     8 ||     8
       Scroll            |       |       |     2 ||     2
Armor: Scale mail        |     1 |     4 |    40 ||    45
Dodge: Dodged            |     4 |     4 |    30 ||    38
Block: Buckler           |     2 |     2 |    80 ||    84

Table legend: (Time is in decaauts)
 A = Elapsed time spent in this place.
 B = Non-inter-level travel time spent in this place.
 C = Inter-level travel time spent in this place.
 D = Time resting spent in this place.
 E = Time spent auto-exploring this place.
 F = Levels seen in this place.
 G = Mean time per level.
                   A        B        C        D        E       F      G
               +--------+--------+--------+--------+--------+-----+--------+
         Total |   2023 |   2023 |      0 |   1251 |      0 |   1 | 2023.0 |
       Dungeon |   2023 |   2023 |      0 |   1251 |      0 |   1 | 2023.0 |
               +--------+--------+--------+--------+--------+-----+--------+

Top non-repeatable levels by time:
       D: 2023 daAuts
